AoeStats
← aDT_The Night Panda

African Clearing

504522554Analyzed
2v2 RM · 26d ago on Sep 5, 2026· 37m 46s· 4 players
Game mode
Random Map
Map size
Medium (4 player)
Population
200
Speed
Normal
Resources
Standard
Victory
Conquest
Starting age
Dark Age
Ending age
Imperial Age
RankedLock teamsTeams togetherTeam positionsShared explorationLock speedFull tech treeHidden civsTurbo modeCheats
Victory
Defeat
🇩🇰 Britons · Denmark
1914
+4
🇩🇰 Bohemians · Denmark
1756
+8
🇨🇴 Gurjaras · Colombia
1612
-7
🇨🇴 Wu · Colombia
1542
-5
aDT_The Night Panda
12:15 Feudal Age
11:03 Loom
16:29 Castle Age
14:53 Double-Bit Axe
18:52 Bow Saw
21:05 Wheelbarrow
20:18 Town Watch
22:14 Horse Collar
29:48 Hand Cart
32:58 Imperial Age
31:44 Heavy Plow
31:58 Fervor
32:09 Sanctity
33:50 Chemistry
33:33 Scale Mail Armor
33:26 Fletching
34:15 Conscription
34:08 Scale Mail Armor
33:41 Elite Hussite Wagon
35:07 Chain Mail Armor
35:03 Forging
35:08 Bodkin Arrow
36:06 Ballistics
35:24 Houfnice
36:43 Siege Engineers
37:11 Bracer
38:12 Masonry
38:06 Padded Archer Armor
38:38 Plate Mail Armor
DK | Good_luck
12:21 Feudal Age
15:55 Castle Age
14:17 Double-Bit Axe
16:48 Bow Saw
16:33 Horse Collar
17:10 Loom
17:28 Heavy Plow
21:51 Wheelbarrow
22:41 Heavy Plow
25:59 Hand Cart
30:06 Imperial Age
28:26 Fletching
29:03 Bodkin Arrow
29:23 Padded Archer Armor
29:28 Stone Mining
29:29 Gold Mining
30:03 Ballistics
29:48 Loom
30:58 Gold Shaft Mining
30:42 Leather Archer Armor
30:50 Bracer
31:51 Chemistry
32:22 Two-Man Saw
31:08 Elite Longbowman
32:16 Conscription
32:53 Yeomen
33:25 Warwolf
34:17 Masonry
34:12 Siphons
34:59 Hoardings
37:22 Architecture
36:57 Siphons
36:21 Pikeman
37:03 Scale Mail Armor
37:14 Forging
37:09 Halberdier
38:04 Chain Mail Armor
VLC | GreenIsland
8:19 Loom
13:29 Feudal Age
17:13 Castle Age
15:05 Double-Bit Axe
17:15 Horse Collar
19:19 Bow Saw
23:55 Wheelbarrow
34:45 Fletching
VLC | SnowBall
3:25 Loom
12:49 Feudal Age
13:53 Double-Bit Axe
16:25 Castle Age
18:12 Bow Saw
18:01 Horse Collar
22:22 Wheelbarrow
21:35 Town Watch
22:03 Heavy Plow
25:35 Scale Barding Armor
25:40 Forging
26:44 Hand Cart
26:30 Town Patrol
26:44 Forging
28:03 Bloodlines
27:40 Arson
29:21 Husbandry
29:18 Gold Mining
32:28 Imperial Age
30:20 Stone Mining
32:24 Chain Barding Armor
32:40 Iron Casting
32:35 Elite Shrivamsha Rider
33:52 Plate Barding Armor
32:42 Siege Elephant
Connection lost

Rejoining the realm…

Still unreachable

The connection could not be restored.

Session expired

The server has moved on; the page needs a fresh start.